 Dungeon Crawl Stone Soup version 0.18-a0-1180-g64ccc1e (webtiles) character file.

154 derval the Poker (level 5, -6/40 HPs)
             Began as a Merfolk Skald on Jan 27, 2016.
             Mangled by Qalot the merfolk
             ... wielding a +3 trident of freezing
             ... created by the player character
              (7 damage)
             ... on level 3 of the Dungeon.
             The game lasted 00:04:16 (1581 turns).

derval the Poker (Merfolk Skald)                    Turns: 1581, Time: 00:04:16

Health: -6/40      AC:  8    Str: 12    XL:     5   Next: 36%
Magic:  8/8        EV: 12    Int: 13    God:
Gold:   84         SH:  0    Dex: 13    Spells: 3 memorised, 2 levels left

rFire  . . .     SeeInvis .     k - +0 halberd
rCold  . . .     Gourm    .     h - +3 leather armour
rNeg   . . .     Faith    .     (shield currently unavailable)
rPois  .         Spirit   .     b - +0 helmet
rElec  .         Dismiss  .     e - +0 cloak
rCorr  .         Reflect  .     (no gloves)
SustAt .         Harm     .     (no boots)
MR     .....                    (no amulet)
Stlth  +.........               (no ring)
                                (no ring)

@: not resistant to hostile enchantments, very unstealthy
A: change form in water, swift swim, blurry vision 1, deterioration 1
a: no special abilities


You were on level 3 of the Dungeon.
You were not hungry.

You visited 1 branch of the dungeon, and saw 3 of its levels.

You collected 84 gold pieces.

Inventory:

Hand Weapons
 a - a +0 spear
 k - a +0 halberd (weapon)
Armour
 b - a +0 helmet (worn)
 e - a +0 cloak (worn)
 h - a +3 leather armour (worn)
Jewellery
 f - an uncursed ring of flight {unknown}
Scrolls
 i - 2 scrolls of remove curse {unknown}
 j - a scroll of recharging {unknown}
 m - a scroll of identify {unknown}
 n - a scroll of immolation {unknown}
Books
 c - a book of Battle

   Spells                             Type                      Level
   a - Infusion                       Charms                       1
   b - Shroud of Golubria             Charms/Translocation         2
   c - Song of Slaying                Charms                       2
   d - Spectral Weapon                Hexes/Charms                 3
   e - Regeneration                   Charms/Necromancy            3
Miscellaneous
 o - a plain deck of changes {drawn: 1}
Comestibles
 d - 3 bread rations
 g - 3 chunks of flesh
 l - a meat ration


   Skills:
 + Level 2.8 Fighting
 * Level 5.2 Polearms
 - Level 0.6 Armour
 + Level 2.8 Dodging
 + Level 2.1 Spellcasting
 * Level 4.6 Charms


You had 2 spell levels left.
You knew the following spells:

 Your Spells              Type           Power        Failure   Level  Hunger
a - Infusion              Chrm           ##..         6%          1    ##.....
b - Shroud of Golubria    Chrm/Tloc      #.........   21%         2    ###....
c - Regeneration          Chrm/Necr      #.........   41%         3    ####...


Dungeon Overview and Level Annotations

Branches:
Dungeon (3/15)

Altars:
Fedhas
Nemelex Xobeh


Innate Abilities, Weirdness & Mutations

You revert to your normal form in water.
You are very nimble and swift while swimming.
Scrolls take you a little longer to read.
Your body sometimes deteriorates upon taking damage.


Message History

There's nothing to close nearby.
Evoke which item? (* to show all) (? for menu, Esc to quit)
You don't have any such object.
Evoke which item? (* to show all) (? for menu, Esc to quit)
You don't have any such object.
Evoke which item? (* to show all) (? for menu, Esc to quit)
You don't have any such object.
Evoke which item? (* to show all) (? for menu, Esc to quit)
Okay, then.
Evoke which item? (* to show all) (? for menu, Esc to quit)
That item cannot be evoked!
Evoke which item? (* to show all) (? for menu, Esc to quit)
You draw a card...
It is the Mercenary.
You cannot afford Qalot's fee of 301 gold!
Qalot attacks!
Qalot the merfolk comes into view. It is wielding a trident of freezing.
Qalot hits you from afar with a trident of freezing!!
* * * LOW HITPOINT WARNING * * *
Qalot freezes you!
You die...

#.#.#.#.#.#.#+.....##
.#.#.#.#.#.#.#......#
.#.#.#.#.#.#.#.##.†..#
#.#.#.#...#.#.#+#....######
#.#.#.#.#.#.#...##........
.#.#.#.#.#.#....##.#######
.#.#.#.#)#.#.#...##.#
.#.#.#.#.#.#.#+...##.#
#.#.#.#.#†#@#.#...##.#
#.#.#.#..g#.#+...##.# .#
#.#.#.#m#.#.#...##.
#.#.#.#.#.#.#.#.#.##
#.#.#.#.#.#.#.#.## #
#.#.#.#g#.#.#.#.# .
.##.###.##########
........# #.##.#.#.#


You could see Qalot the merfolk and a goblin.

Vanquished Creatures
  An orc priest (D:3)
  3 gnolls (D:2)
  4 adders (D:2)
  A worm (D:3)
  A giant gecko (D:2)
  3 orcs (D:3)
  6 giant cockroaches
  6 hobgoblins
  5 jackals
  A quokka (D:3)
  7 bats
  2 giant newts
  6 goblins
  5 kobolds
  6 rats
57 creatures vanquished.

Notes
Turn   | Place    | Note
--------------------------------------------------------------
     0 | D:1      | derval the Merfolk Skald began the quest for the Orb.
     0 | D:1      | Reached XP level 1. HP: 16/16 MP: 3/3
   125 | D:1      | Reached XP level 2. HP: 23/23 MP: 5/5
   575 | D:1      | Reached XP level 3. HP: 21/28 MP: 1/6
   757 | D:2      | Learned a level 2 spell: Shroud of Golubria
   761 | D:2      | Learned a level 3 spell: Regeneration
   787 | D:2      | Reached skill level 4 in Charms
   800 | D:2      | Reached XP level 4. HP: 6/34 MP: 0/7
  1131 | D:2      | Gained mutation: Your body sometimes deteriorates upon taking damage. [potion of mutation]
  1131 | D:2      | Gained mutation: Scrolls take you a little longer to read. [potion of mutation]
  1367 | D:2      | Found a blossoming altar of Fedhas.
  1456 | D:3      | Reached XP level 5. HP: 32/40 MP: 8/8
  1505 | D:3      | Found a sparkling altar of Nemelex Xobeh.
  1532 | D:3      | Reached skill level 5 in Polearms
  1580 | D:3      | Noticed Qalot
  1581 | D:3      | HP: 1/40 [Qalot the merfolk/trident of freezing[the player character] (19)]
  1581 | D:3      | Mangled by Qalot the merfolk

Vault maps used:
D:1:      onia_arrival_larder
D:2:      fedhas_altar_4
D:3:      lemuel_round_altar, nemelex_deck, first_bread,
          cheibrodos_ashenzari_chains, uniq_sigmund

Action                   |  1- 3 |  4- 6 || total
-------------------------+-------+-------++-------
Melee: Spear             |   131 |     1 ||   132
       Halberd           |       |    85 ||    85
 Cast: Infusion          |     3 |     1 ||     4
       Regeneration      |       |     1 ||     1
       Shroud of Golubri |       |     1 ||     1
Evoke: Deck              |       |     1 ||     1
  Use: Potion            |       |     2 ||     2
 Stab: Sleeping          |     2 |       ||     2
  Eat: Chunk             |       |     3 ||     3
